MWL (24 & UNDER)
COLUMBIA 08S @ PLUMSTEAD EAGLES
08/20/2026
 
TOP OF THE 1ST
Columbia 08s batting - Pitching for Plumstead Eagles : RHP Keith Fitzgerald
Pitching: RHP Keith Fitzgerald
Batting: LHB Francisco Gonzáles 0-0: Ball
1-0: Called Strike
1-1: Ball
2-1: Ball
3-1: Swinging Strike
3-2: Foul Ball, location: 2F
3-2: Strikes out swinging
Batting: RHB Carlos López 0-0: Ball
1-0: Foul Ball, location: 2F
1-1: Swinging Strike
1-2: Strikes out swinging
Batting: RHB Casey Fox 0-0: Foul Ball, location: 2F
0-1: Ball
1-1: Swinging Strike
1-2: Foul Ball, location: 2F
1-2: DOUBLE (Line Drive, 9LM)
Batting: RHB Chris Burrell 0-0: Ball
1-0: Ball
Wild Pitch!
Casey Fox to third
2-0: Foul Ball, location: 2F
2-1: Foul Ball, location: 2F
2-2: Ball
3-2: Strikes out swinging
Top of the 1st over - 0 run(s), 1 hit(s), 0 error(s), 1 left on base; Columbia 0 - Plumstead 0
BOTTOM OF THE 1ST
Plumstead Eagles batting - Pitching for Columbia 08s : RHP Cam Sparks
Pitching: RHP Cam Sparks
Batting: RHB Kolomon Meise 0-0: Ball
1-0: Called Strike
1-1: Ball
2-1: Ball
3-1: Base on Balls
Batting: RHB Ethan Moore 0-0: Ball
1-0: Called Strike
1-1: Ball
2-1: Ball
3-1: Base on Balls
Kolomon Meise to second
Batting: LHB António Salazar 0-0: Ball
1-0: Called Strike
1-1: Hit by Pitch
Kolomon Meise to third
Ethan Moore to second
Batting: RHB J.J. Leslie 0-0: Called Strike
0-1: Grounds into double play, 4-6-3 (Groundball, 4)
Kolomon Meise scores
Ethan Moore to third
Batting: RHB Rob Brady 0-0: Ball
1-0: SINGLE (Groundball, 56D)
Ethan Moore scores
Batting: LHB Víctor Peña 0-0: Called Strike
Rob Brady is caught stealing 2nd base
Bottom of the 1st over - 2 run(s), 1 hit(s), 0 error(s), 0 left on base; Columbia 0 - Plumstead 2
TOP OF THE 2ND
Columbia 08s batting - Pitching for Plumstead Eagles : RHP Keith Fitzgerald
Batting: RHB Jaime Hernández 0-0: Ball
1-0: Foul Ball, location: 2F
1-1: Swinging Strike
1-2: Ball
2-2: Strikes out swinging
Batting: RHB Tom Hicks 0-0: Ball
1-0: Ball
2-0: Ball
3-0: Base on Balls
Batting: RHB Ben Barker 0-0: Fly out, F2 (Popup, 23F)
Batting: RHB Bernardo Corona 0-0: Ball
1-0: Called Strike
1-1: Foul Ball, location: 2F
1-2: Ground out 4-3 (Groundball, 4)
Top of the 2nd over - 0 run(s), 0 hit(s), 0 error(s), 1 left on base; Columbia 0 - Plumstead 2
BOTTOM OF THE 2ND
Plumstead Eagles batting - Pitching for Columbia 08s : RHP Cam Sparks
Batting: LHB Víctor Peña 0-0: Hit by Pitch
Batting: RHB Jeff Townsley 0-0: Called Strike
0-1: Swinging Strike
0-2: Ball
1-2: Strikes out swinging
Batting: RHB Pablo Villarreal 0-0: Ball
1-0: Ball
2-0: Called Strike
2-1: Fielders Choice at 2nd, 5-4 (Groundball, 5)
Batting: RHB Wilson Durán 0-0: Swinging Strike
Pickoff Throw to First - Error! E1
Pablo Villarreal to second
0-1: Swinging Strike
0-2: Foul Ball, location: 2F
0-2: SINGLE (Line Drive, 34D)
Pablo Villarreal to third
Runner from 3rd tries for Home, SAFE, no throw or cutoff
Batting: RHB Kolomon Meise 0-0: Foul Ball, location: 2F
0-1: Ball
1-1: Ball
2-1: Called Strike
2-2: Fly out, F7 (Line Drive, 7M)
Bottom of the 2nd over - 1 run(s), 1 hit(s), 1 error(s), 1 left on base; Columbia 0 - Plumstead 3
TOP OF THE 3RD
Columbia 08s batting - Pitching for Plumstead Eagles : RHP Keith Fitzgerald
Batting: RHB Juan Trujillo 0-0: Ball
1-0: Ball
2-0: Fly out, F9 (Flyball, 89XD)
Batting: LHB Francisco Gonzáles 0-0: Ball
1-0: Foul Ball, location: 2F
1-1: Ball
2-1: Ground out 6-3 (Groundball, 6)
Batting: RHB Carlos López 0-0: Swinging Strike
0-1: Ball
1-1: Called Strike
1-2: Strikes out swinging
Top of the 3rd over - 0 run(s), 0 hit(s), 0 error(s), 0 left on base; Columbia 0 - Plumstead 3
BOTTOM OF THE 3RD
Plumstead Eagles batting - Pitching for Columbia 08s : RHP Cam Sparks
Batting: RHB Ethan Moore 0-0: Ball
1-0: Ball
2-0: Ground out 6-3 (Groundball, 6S)
Batting: LHB António Salazar 0-0: Swinging Strike
0-1: SINGLE (Groundball, 56)
Batting: RHB J.J. Leslie 0-0: Called Strike
António Salazar steals 2nd base
0-1: Ball
1-1: Ball
2-1: Ball
3-1: Ground out 5-3 (Groundball, 5)
Batting: RHB Rob Brady 0-0: Called Strike
0-1: Called Strike
0-2: SINGLE (Line Drive, 6M)
António Salazar to third
Runner from 3rd tries for Home, SAFE, no throw or cutoff
Batting: LHB Víctor Peña 0-0: Ball
1-0: Foul Ball, location: 2F
1-1: Foul Ball, location: 2F
1-2: Ball
2-2: Ball
3-2: Foul Ball, location: 2F
3-2: Foul Ball, location: 2F
3-2: Foul Ball, location: 2F
3-2: Fly out, F7 (Line Drive, 78S)
Bottom of the 3rd over - 1 run(s), 2 hit(s), 0 error(s), 1 left on base; Columbia 0 - Plumstead 4
TOP OF THE 4TH
Columbia 08s batting - Pitching for Plumstead Eagles : RHP Keith Fitzgerald
Batting: RHB Casey Fox 0-0: Called Strike
0-1: Ball
1-1: Foul Ball, location: 2F
1-2: Strikes out swinging
Batting: RHB Chris Burrell 0-0: Called Strike
0-1: Ball
1-1: Swinging Strike
1-2: Foul Ball, location: 2F
1-2: Strikes out swinging
Batting: RHB Jaime Hernández 0-0: Called Strike
0-1: Ball
1-1: Foul Ball, location: 2F
1-2: Ball
2-2: Ground out 6-3 (Groundball, 6M)
Top of the 4th over - 0 run(s), 0 hit(s), 0 error(s), 0 left on base; Columbia 0 - Plumstead 4
BOTTOM OF THE 4TH
Plumstead Eagles batting - Pitching for Columbia 08s : RHP Cam Sparks
Batting: RHB Jeff Townsley 0-0: Ball
1-0: Called Strike
1-1: Ball
2-1: Fly out, F9 (Flyball, 9M)
Batting: RHB Pablo Villarreal 0-0: SINGLE (Groundball, 56D)
Batting: RHB Wilson Durán 0-0: Ball
Pablo Villarreal steals 2nd base
1-0: Ball
2-0: Swinging Strike
2-1: Foul Ball, location: 2F
2-2: SINGLE (Line Drive, 6M)
Pablo Villarreal to third
Batting: RHB Kolomon Meise 0-0: Called Strike
0-1: Ball
1-1: Ball
2-1: Swinging Strike
2-2: Foul Ball, location: 2F
2-2: Ball
3-2: Base on Balls
Wilson Durán to second
Pitching: RHP Gabriel McDaniel
Batting: RHB Ethan Moore 0-0: Called Strike
0-1: Ball
1-1: Foul Ball, location: 2F
1-2: Foul Ball, location: 2F
1-2: Strikes out swinging
Batting: LHB António Salazar 0-0: Called Strike
0-1: SINGLE (Line Drive, 9LS)
Pablo Villarreal scores
Wilson Durán to third
Kolomon Meise to second
Runner from 3rd tries for Home, SAFE, no throw or cutoff
Batting: RHB J.J. Leslie 0-0: Foul Ball, location: 2F
0-1: Ball
1-1: Fly out, F9 (Flyball, 9M)
Bottom of the 4th over - 2 run(s), 3 hit(s), 0 error(s), 2 left on base; Columbia 0 - Plumstead 6
TOP OF THE 5TH
Columbia 08s batting - Pitching for Plumstead Eagles : RHP Keith Fitzgerald
Batting: RHB Tom Hicks 0-0: Ball
1-0: Swinging Strike
1-1: Fly out, F4 (Popup, 6MD)
Batting: RHB Ben Barker 0-0: Called Strike
0-1: Ball
1-1: Foul Ball, location: 2F
1-2: Strikes out swinging
Batting: RHB Bernardo Corona 0-0: Ball
1-0: Ball
2-0: Ball
3-0: Base on Balls
Batting: RHB Juan Trujillo 0-0: Ball
1-0: Ball
2-0: Called Strike
2-1: Ground out 5-3 (Groundball, 56)
Top of the 5th over - 0 run(s), 0 hit(s), 0 error(s), 1 left on base; Columbia 0 - Plumstead 6
BOTTOM OF THE 5TH
Plumstead Eagles batting - Pitching for Columbia 08s : RHP Gabriel McDaniel
Batting: RHB Rob Brady 0-0: Called Strike
0-1: Ball
1-1: Called Strike
1-2: Ball
2-2: Foul Ball, location: 2F
2-2: Strikes out looking
Batting: LHB Víctor Peña 0-0: Ball
1-0: Foul Ball, location: 2F
1-1: Ball
2-1: Fly out, F7 (Flyball, 7M)
Batting: RHB Jeff Townsley 0-0: Ball
1-0: Ball
2-0: Called Strike
2-1: Ground out 6-3 (Groundball, 6)
Bottom of the 5th over - 0 run(s), 0 hit(s), 0 error(s), 0 left on base; Columbia 0 - Plumstead 6
TOP OF THE 6TH
Columbia 08s batting - Pitching for Plumstead Eagles : RHP Keith Fitzgerald
Batting: LHB Francisco Gonzáles 0-0: Ball
1-0: Ball
2-0: Fly out, F8 (Line Drive, 8RM)
Pitching: RHP Coy Torres
Batting: RHB Carlos López 0-0: Ball
1-0: Called Strike
1-1: Ball
2-1: Foul Ball, location: 2F
2-2: SINGLE (Line Drive, 4MD)
Batting: RHB Casey Fox 0-0: Ball
1-0: Called Strike
1-1: Ball
2-1: Foul Ball, location: 2F
2-2: Foul Ball, location: 2F
2-2: Ball
3-2: Base on Balls
Carlos López to second
Batting: RHB Chris Burrell 0-0: Swinging Strike
0-1: Ball
1-1: Ball
2-1: Called Strike
2-2: Foul Ball, location: 2F
2-2: Strikes out looking
Batting: RHB Jaime Hernández 0-0: Foul Ball, location: 2F
0-1: Swinging Strike
0-2: Strikes out swinging
Top of the 6th over - 0 run(s), 1 hit(s), 0 error(s), 2 left on base; Columbia 0 - Plumstead 6
BOTTOM OF THE 6TH
Plumstead Eagles batting - Pitching for Columbia 08s : RHP Gabriel McDaniel
Batting: RHB Pablo Villarreal 0-0: Ball
1-0: Bunt missed!
1-1: Ball
2-1: Foul Ball, location: 2F
2-2: Fly out, F8 (Flyball, 8RD)
Batting: RHB Wilson Durán 0-0: Ball
1-0: Foul Ball, location: 2F
1-1: Bunt missed!
1-2: Ball
2-2: SINGLE (Line Drive, 56)
Batting: RHB Kolomon Meise 0-0: Called Strike
Wilson Durán steals 2nd base
0-1: Swinging Strike
0-2: Ball
1-2: Ball
2-2: DOUBLE (Flyball, 8LM)
Wilson Durán scores
Batting: RHB Ethan Moore 0-0: Foul Ball, location: 2F
0-1: Swinging Strike
0-2: Ball
1-2: Fly out, F8 (Line Drive, 8RM)
Batting: LHB António Salazar 0-0: Swinging Strike
0-1: Ball
1-1: SINGLE (Flyball, 8LS) - OUT at second base trying to stretch hit.
Kolomon Meise scores
Bottom of the 6th over - 2 run(s), 3 hit(s), 0 error(s), 0 left on base; Columbia 0 - Plumstead 8
TOP OF THE 7TH
Columbia 08s batting - Pitching for Plumstead Eagles : RHP Coy Torres
Batting: RHB Tom Hicks 0-0: Ball
1-0: Ball
2-0: Ball
3-0: Base on Balls
Batting: RHB Ben Barker 0-0: Ball
1-0: Ball
2-0: Ball
3-0: Base on Balls
Tom Hicks to second
Pitching: LHP Pat Bruce
Batting: RHB Bernardo Corona 0-0: Foul Ball, location: 2F
0-1: Ball
1-1: Ball
2-1: Swinging Strike
2-2: Strikes out swinging
Batting: RHB Juan Trujillo 0-0: Called Strike
0-1: Swinging Strike
0-2: Ball
1-2: Hit by Pitch
Tom Hicks to third
Ben Barker to second
Batting: LHB Francisco Gonzáles 0-0: Grounds into double play, 3-6-1 (Groundball, 3)
Top of the 7th over - 0 run(s), 0 hit(s), 0 error(s), 2 left on base; Columbia 0 - Plumstead 8
BOTTOM OF THE 7TH
Plumstead Eagles batting - Pitching for Columbia 08s : RHP Gabriel McDaniel
Pitching: RHP Ernesto González
Batting: RHB J.J. Leslie 0-0: Ball
1-0: Fly out, F8 (Flyball, 8RXD)
Batting: RHB Rob Brady 0-0: Called Strike
0-1: Foul Ball, location: 2F
0-2: Strikes out swinging
Batting: LHB Víctor Peña 0-0: Called Strike
0-1: Called Strike
0-2: Ball
1-2: Ball
2-2: Ball
3-2: Foul Ball, location: 2F
3-2: Foul Ball, location: 2F
3-2: Fly out, F7 (Flyball, 7LS)
Bottom of the 7th over - 0 run(s), 0 hit(s), 0 error(s), 0 left on base; Columbia 0 - Plumstead 8
TOP OF THE 8TH
Columbia 08s batting - Pitching for Plumstead Eagles : LHP Pat Bruce
Now in RF: Howard Johnson
Batting: RHB Carlos López 0-0: Swinging Strike
0-1: Ball
1-1: Fly out, F3 (Popup, 3)
Batting: RHB Casey Fox 0-0: Called Strike
0-1: Ball
1-1: Ground out 6-3 (Groundball, 6M)
Batting: RHB Chris Burrell 0-0: Ball
1-0: Called Strike
1-1: Fly out, F8 (Flyball, 8LS)
Top of the 8th over - 0 run(s), 0 hit(s), 0 error(s), 0 left on base; Columbia 0 - Plumstead 8
BOTTOM OF THE 8TH
Plumstead Eagles batting - Pitching for Columbia 08s : RHP Ernesto González
Batting: RHB Jeff Townsley 0-0: Called Strike
0-1: Ball
1-1: Swinging Strike
1-2: Foul Ball, location: 2F
1-2: Strikes out swinging
Batting: RHB Pablo Villarreal 0-0: SINGLE (Groundball, 56D)
Batting: RHB Wilson Durán 0-0: Swinging Strike
0-1: Fly out, F6 (Popup, 6MD)
Batting: RHB Kolomon Meise 0-0: Ball
1-0: Called Strike
1-1: Fielders Choice at 2nd, 6-4 (Groundball, 56)
Bottom of the 8th over - 0 run(s), 1 hit(s), 0 error(s), 0 left on base; Columbia 0 - Plumstead 8
TOP OF THE 9TH
Columbia 08s batting - Pitching for Plumstead Eagles : LHP Pat Bruce
Now at C: Diego Ledezma
Batting: RHB Jaime Hernández 0-0: Reached on error, E3 (Groundball, 3S)
Batting: RHB Tom Hicks 0-0: Called Strike
0-1: Swinging Strike
0-2: Strikes out looking
Batting: RHB Ben Barker 0-0: Ball
1-0: Swinging Strike
1-1: Foul Ball, location: 2F
1-2: Strikes out swinging
Pitching: RHP Iván Márquez
Batting: RHB Bernardo Corona 0-0: Called Strike
0-1: Ball
1-1: Ball
2-1: Ball
Passed Ball!
Jaime Hernández to second
3-1: Fly out, F7 (Flyball, 7D)
Top of the 9th over - 0 run(s), 0 hit(s), 1 error(s), 1 left on base; Columbia 0 - Plumstead 8
Monday, December 5th, 2016 - OOTP Baseball 17.12 Build 75